 Dungeon Crawl Stone Soup version bcrawl-1.38.1 (webtiles) character file.

Game seed: 4146070534023692640

10536599 Morbidden the Devastator (level 17, -20/109 HPs)
             Began as a Fairy Conjurer on Mar 30, 2023.
             Was the Champion of Qazlal.
             Demolished by a redback (22 damage)
             ... on level 1 of the Spider Nest.
             The game lasted 00:56:07 (26570 turns).

Morbidden the Devastator (Fairy Conjurer)          Turns: 26570, Time: 00:56:07

Health: -20/109    AC: 21    Str:  6    XL:     17   Next: 56%
Magic:  29/48      EV: 13    Int: 27    God:    Qazlal [******]
Gold:   892        SH:  0    Dex: 18    Spells: 12/49 levels left

rFire    + . .     GDR:     29% a - +0 short sword (elec)
rCold    + + .     SeeInvis +   m - +0 buckler
rNeg     + + .     Gourm    .   (armour unavailable)
rPois    .         Faith    .   y - +2 helmet {SInv}
rElec    .         Spirit   .   W - +2 cloak {rC+}
rCorr    .         Reflect  .   l - +0 pair of gloves
MR       +....                  L - +2 pair of boots of Tumipeo {rN++}
Stlth    +.........             G - amulet of magic regeneration
HPRegen  0.28/turn              r - +6 ring of dexterity
MPRegen  0.67/turn              I - ring of magical power

@: lethally poisoned (-20 -> -53), sleeping, protected from physical damage,
flying evasively, held, studying 2 skills, repel missiles
A: small, magic attunement, unstealthy, unfitting armour, cold resistance 1,
fire resistance 1, screaming 1, subdued magic 1, able to fly, AC/SH +8
}: 1/15 runes: decaying
a: Stop Flying, Upheaval, Elemental Force, Disaster Area, Renounce Religion


You were on level 1 of the Spider Nest.
You worshipped Qazlal.
Qazlal was exalted by your worship.
You were very hungry.

You visited 6 branches of the dungeon, and saw 24 of its levels.
You also visited: Bailey, Gauntlet and Ice Cave.

You collected 3033 gold pieces.
You spent 2141 gold pieces at shops.

Inventory:

Hand Weapons
 a - a +0 short sword of electrocution (weapon)
 t - a +4 dagger
 E - a +1 scimitar
Missiles
 c - 1233 poisoned tomahawks (quivered)
 Y - 136 tomahawks of dispersal {=f}
Armour
 b - a +0 medium shield
 l - a +0 pair of gloves (worn)
 m - a +0 buckler (worn)
 y - a +2 helmet of see invisible (worn)
 L - the +2 pair of boots of Tumipeo (worn) {rN++}
   (You found it in a Gauntlet)

   It greatly protects you from negative energy.
 W - a +2 cloak of cold resistance (worn)
Jewellery
 r - a +6 ring of dexterity (left hand)
 s - the cursed ring "Lic Wobb" {rPois Stlth--}
   (You found it on level 11 of the Dungeon)

   [ring of attention]

   It protects you from poison.
   It makes you much less stealthy.
   It has a curse placed upon it.
 G - an amulet of magic regeneration (around neck)
 I - a ring of magical power (right hand)
 P - an uncursed ring of protection from cold
Wands
 j - a wand of paralysis (15)
 u - a wand of digging (30)
 H - a wand of scattershot (6)
 O - a wand of disintegration (54)
 Q - a wand of flame (43)
 V - a wand of iceblast (29)
Scrolls
 f - 5 scrolls of immolation
 g - 4 scrolls of magic mapping
 i - 6 scrolls of identify
 k - 3 scrolls of enchant armour
 o - 3 scrolls of enchant weapon
 p - 6 scrolls of remove curse
 q - 5 scrolls of teleportation
 w - 9 scrolls of amnesia
 J - a scroll of fog
 R - 2 scrolls of blinking
 T - a scroll of silence
 U - a scroll of brand weapon
Potions
 d - a potion of magic
 h - 2 potions of ambrosia
 n - 2 potions of lignification
 v - a potion of berserk rage
 x - 2 potions of haste
 z - 3 potions of cancellation
 A - 2 potions of mutation
 B - a potion of curing
 F - 4 potions of might
 S - 2 potions of brilliance
 X - a potion of agility
Miscellaneous
 C - a phial of floods
 M - a lightning rod (2/4)
 N - a lamp of fire (inert)
Comestibles
 e - 33 rations {!d}


   Skills:
 * Level 8.2 Fighting
 * Level 8.7 Short Blades
 + Level 1.7 Throwing
 * Level 10.9 Dodging
 + Level 3.1 Stealth
 * Level 8.8 Shields
 * Level 8.1 Unarmed Combat
 * Level 16.7 Spellcasting
 * Level 16.8 Conjurations
 * Level 7.9 Summonings
 * Level 8.3 Transmutations
 * Level 6.9 Ice Magic
 * Level 3.4 Earth Magic
 * Level 7.0 Invocations
 * Level 7.9 Evocations


You had 12 spell levels left.
You knew the following spells:

 Your Spells              Type           Power        Failure   Level  Hunger
a - Iskenderun's Mystic   Conj           ######..     0%          3    None
b - Searing Ray           Conj           ######..     0%          2    None
c - Spellforged Servitor  Conj/Summ      ######....   19%         7    None
d - Ozocubu's Refrigerat  Ice            #####.....   32%         6    None
e - Magic Dart            Conj           ####         0%          1    None
f - Statue Form           Tmut/Erth      #####....    45%         6    None
x - Irradiate             Conj/Tmut      ######....   1%          5    None
z - Orb of Destruction    Conj           ######....   2%          7    None

Your spell library contained the following spells:

 Spells                   Type           Power        Failure   Level  Hunger
 Beastly Appendage        Tmut           ######       1%          1    None
 Ensorcelled Hibernation  Hex/Ice        ####..       1%          2    None
 Sticks to Snakes         Tmut           ######..     1%          2    None
 Dazzling Orbs            Conj/Hex       ######.      1%          3    None
 Fulminant Prism          Conj/Hex       ######....   1%          4    None
 Lightning Bolt           Conj/Air       ######..     1%          4    None
 Sticky Flame             Conj/Fire      ######..     1%          4    None
 Petrify                  Tmut/Erth      #####.....   2%          4    None
 Slow                     Hex            ###.....     3%          1    None
 Static Discharge         Air            ###...       3%          1    None
 Ignite Poison            Fire/Tmut/Pois ####....     3%          3    None
 Sublimation of Blood     Necr           ###.......   4%          2    None
 Confuse                  Hex            ###.....     11%         3    None
 Tukima's Dance           Hex            ###.....     11%         3    None
 Conjure Ball Lightning   Conj/Air       ######....   19%         6    None
 Summon Lightning Spire   Summ/Air       ####....     21%         5    None
 Cause Fear               Hex            ###.......   34%         4    None
 Infestation              Hex/Tmut/Pois  ####.....    89%         6    None
 Virulence                Hex/Pois       ###.....     99%         6    None
 Chain Lightning          Conj/Air       ######....   100%        8    None


Dungeon Overview and Level Annotations

Branches:
Dungeon (12/12)            Temple (1/1) D:6            Lair (6/6) D:8
  Swamp (3/3) Lair:3       Spider (1/3) Lair:4        Slime (0/5) Lair:5
    Orc (1/1) D:11            Elf (0/3) Orc          Vaults (0/3) D:12
 Depths (0/5) D:12

Altars:
Ashenzari
Cheibriados
Dithmenos
Elyvilon
Fedhas
Gozag
Hepliaklqana
Kikubaaqudgha
Lugonu
Makhleb
Nemelex Xobeh
Okawaru
Qazlal
Ru
Sif Muna
Trog
Uskayaw
Vehumet
Wu Jian
Xom
Yredelemnul
Zin
The Shining One
Jiyva

Shops:
D:4 }   D:5 (**?   D:7 =   D:9 *   D:11 (   Orc }*[}%

Annotations:
Swamp:3 1 runed translucent door, Banto's ghost, adept OnFE
Spider:1 Aizul


Innate Abilities, Weirdness & Mutations

Your spells do not cause hunger and MP costs are reduced by 1.
Your bright wings attract enemies. (Stealth-)
You cannot fit into any form of body armour.
Your shimmering scales are hard and can block incoming attacks. (AC +8, SH +8)
You are small and have problems with some larger weapons.
You can fly continuously.
Your flesh is cold resistant. (rC+)
Your flesh is heat resistant. (rF+)
You occasionally shout uncontrollably at your foes.
Your spells are a little easier to cast, but a little less powerful.


Message History

* * * LOW HITPOINT WARNING * * *
You feel more protected from physical attacks.
The redback closely misses you. The redback barely misses you.
A redback comes into view.
There is a lethal amount of poison in your body!
Casting: Iskenderun's Mystic Blast (safe; 0% risk of failure)
Confirm with . or Enter, or press ? or * to list all spells.
Aiming: Iskenderun's Mystic Blast (safe; 0% risk of failure)
Press: ? - help, Shift-Dir - straight line, f/p - Aizul
Aim: Aizul (heavily wounded)
The orb of energy hits Aizul.
Aizul is heavily wounded.
* * * LOW HITPOINT WARNING * * *
You feel very sick.
You hear an angry hiss. x2
The tarantella is engulfed in blazing flames.
Aizul casts a spell at you.
You fall asleep.
The redback barely misses you. The redback bites you!!
You die...

#.° .. .. ##
###. .##
#...##s.
#...§ss
#sSs## #@s#
#..# #○.#
..#####..#
##....#....#
......#...##
#..#..###..#
##..#..#...##
#..##..#^...#


You could see Aizul, a jumping spider, a tarantella and 4 redbacks.

Vanquished Creatures
  Kirke (Swamp:2)
  A thorn hunter (Swamp:3)
  Roxanne (Swamp:1)
  A minotaur (Gauntlet)
  Josephine (Lair:6)
  A fire dragon (D:12)
  8 vault guards (D:12)
  A ghost crab (Swamp:3)
  2 shambling mangroves
  2 ice dragons
  An ogre mage (D:11)
  3 catoblepae (Lair:6)
  23 hydras
  11 alligators
  9 death yaks
  4 two-headed ogres
  4 centaur warriors
  5 spriggan druids
  An unseen horror (D:12)
  10 swamp dragons
  2 wolf spider zombies
  A necromancer (IceCv)
  9 orc knights
  A cyclops (D:12)
  3 lindwurms (Swamp:3)
  2 deep elf magi
  An orb spider (Spider:1)
  2 manticores (Lair:6)
  An ice statue (IceCv)
  3 black mambas
  21 elephants
  2 torpor snails (Lair:6)
  6 will-o'-wisps
  A gargoyle (D:12)
  A jumping spider (Spider:1)
  A rime drake (shapeshifter) (Gauntlet)
  6 komodo dragons
  23 cane toads
  4 yaktaurs (D:12)
  A demonic crawler (Spider:1)
  10 freezing wraiths (IceCv)
  3 kobold demonologists
  2 rime drakes
  2 eyes of draining
  An eye of draining (shapeshifter) (Gauntlet)
  A merfolk (shapeshifter) (Gauntlet)
  4 trolls
  A wolf spider simulacrum (IceCv)
  8 polar bears
  5 tyrant leeches
  5 blink frogs (Lair:1)
  15 hornets
  6 dream sheep (Lair:6)
  6 harpy skeletons
  26 slime creatures
  5 bog bodies
  A meliai zombie (D:10)
  10 hippogriffs
  Sigmund (D:2)
  9 spriggans
  7 wraiths
  A tarantella (shapeshifter) (D:12)
  A vampire (D:10)
  69 yaks
  7 wyverns
  4 basilisks
  2 hogs (Swamp:2)
  A fire bat (shapeshifter) (Gauntlet)
  A redback (Spider:1)
  4 hungry ghosts
  10 vampire mosquitoes
  5 wargs (Orc)
  2 acid dragons (D:12)
  10 swamp worms
  10 water moccasins
  12 crocodiles
  8 porcupines
  12 swamp drakes
  8 ice beasts
  28 orc warriors
  2 black bears
  4 phantoms
  2 sky beasts
  A necrophage (D:6)
  4 ogres
  13 wolves
  7 boggarts (Swamp:3)
  11 kobold brigands
  14 bullfrogs
  A gnoll sergeant (D:6)
  10 centaurs
  7 scorpions
  A water moccasin skeleton (D:8)
  An elephant simulacrum (IceCv)
  5 killer bees (D:9)
  14 wights
  4 howler monkeys
  5 electric eels (Lair:4)
  8 orc priests
  8 crimson imps
  2 draconian simulacra (IceCv)
  A quasit (D:12)
  4 jellies
  12 orc wizards
  A bullfrog skeleton (D:3)
  5 hounds
  5 iguanas
  A spriggan simulacrum (IceCv)
  8 worker ants
  10 troll simulacra (IceCv)
  2 wolf simulacra (IceCv)
  6 ogre zombies (D:11)
  A hound zombie (D:8)
  A hound skeleton (D:8)
  4 worker ant zombies
  9 gnolls
  5 naga simulacra (IceCv)
  An ogre simulacrum (IceCv)
  12 adders
  2 shadow imps
  13 white imps
  A centaur simulacrum (IceCv)
  5 oozes (D:8)
  2 adder skeletons
  5 worms
  3 dart slugs
  5 leopard geckos
  85 orcs
  6 bats
  A giant cockroach (D:2)
  5 goblins
  6 hobgoblins
  4 jackals (D:2)
  6 quokkas
  A ball python (D:1)
  3 frilled lizards
  A goblin skeleton (D:11)
  2 goblin zombies (D:11)
  3 hobgoblin zombies (D:11)
  49 kobolds
  2 orc skeletons (D:11)
  11 orc zombies (D:11)
  2 quokka skeletons
  A quokka zombie (D:6)
  9 rats
  A plant (Lair:4)
950 creatures vanquished.

Vanquished Creatures (collateral kills)
  A very ugly thing (Swamp:2)
  A hydra (Swamp:3)
  A will-o'-wisp (Swamp:3)
  A yak (Lair:6)
  A swamp drake (Swamp:3)
  2 ogres (Orc)
  An orc (Orc)
8 creatures vanquished.

Vanquished Creatures (others)
  2 hydras (Swamp:3)
  A swamp dragon (Swamp:3)
  An elephant (Lair:6)
  A komodo dragon (Lair:6)
  A wyvern (Lair:6)
  3 yaks (Lair:6)
  A human (Swamp:2)
  3 orc warriors (Orc)
  2 boggarts (Swamp:3)
  2 orcs (Orc)
  6 fungi
  18 plants
  2 withered plants (Swamp:3)
43 creatures vanquished.

Grand Total: 1001 creatures vanquished

Notes
Turn   | Place    | Note
-------+----------+-------------------------------------------
     0 | D:1      | Morbidden the Fairy Conjurer began the quest for the Orb.
     0 | D:1      | Reached XP level 1. HP: 11/11 MP: 6/6
    25 | D:1      | Reached skill level 5 in Conjurations
   168 | D:1      | Reached XP level 2. HP: 17/17 MP: 7/7
   509 | D:1      | Reached skill level 1 in Unarmed Combat
   686 | D:2      | Reached XP level 3. HP: 17/21 MP: 7/9
   702 | D:2      | Found a shimmering altar of Xom.
   743 | D:2      | Learned a level 2 spell: Searing Ray
   747 | D:2      | Learned a level 3 spell: Iskenderun's Mystic Blast
   840 | D:2      | Found a shimmering altar of Xom.
   921 | D:2      | Noticed Sigmund
   926 | D:2      | Killed Sigmund
   927 | D:2      | Reached skill level 1 in Fighting
   927 | D:2      | Reached XP level 4. HP: 27/28 MP: 3/12
   927 | D:2      | Reached XP level 5. HP: 32/33 MP: 3/13
   927 | D:2      | Reached XP level 6. HP: 37/38 MP: 3/14
  1833 | D:3      | Learned a level 5 spell: Irradiate
  2616 | D:3      | Reached skill level 5 in Spellcasting
  2616 | D:3      | Reached XP level 7. HP: 43/43 MP: 11/16
  3056 | D:4      | Reached skill level 1 in Transmutations
  3445 | D:4      | Found Biarr's Gadget Boutique.
  3481 | D:4      | Reached skill level 1 in Short Blades
  3759 | D:5      | Entered Level 5 of the Dungeon
  3776 | D:5      | Reached XP level 8. HP: 26/50 MP: 0/19
  3945 | D:5      | Found Uzydo's Magic Scroll Boutique.
  3978 | D:5      | Bought a scroll of magic mapping for 38 gold pieces
  3978 | D:5      | Bought a scroll of teleportation for 33 gold pieces
  3978 | D:5      | Bought a scroll of enchant armour for 82 gold pieces
  3978 | D:5      | Bought a scroll of teleportation for 33 gold pieces
  3978 | D:5      | Bought a scroll of identify for 22 gold pieces
  3978 | D:5      | Bought a scroll of teleportation for 33 gold pieces
  4146 | D:5      | Found Neumogh's Weapon Emporium.
  4318 | D:5      | Found Mupoor's General Store.
  4330 | D:5      | Found Qedd's Assorted Antiques.
  4333 | D:5      | Bought a scroll labeled AZADGH MAFE EFF for 23 gold pieces
  4593 | D:6      | Found a staircase to the Ecumenical Temple.
  4612 | Temple   | Entered the Ecumenical Temple
  4807 | Temple   | Became a worshipper of Qazlal Stormbringer
  5024 | D:6      | Got a wavering turquoise ring
  5100 | D:6      | Reached XP level 9. HP: 52/55 MP: 19/22
  5319 | D:6      | Identified the ring "Riseph" {Ice Int+5 Stlth-} (You found
                  | it on level 6 of the Dungeon)
  5919 | D:7      | Reached * piety under Qazlal
  6004 | D:7      | Found a bloodstained altar of Trog.
  6074 | D:7      | Found Xitum's Jewellery Shop.
  6112 | D:7      | Reached skill level 5 in Dodging
  6165 | D:7      | Reached skill level 1 in Shields
  6226 | D:7      | Reached skill level 1 in Throwing
  6845 | D:8      | Found a hide-covered altar of Uskayaw.
  6873 | D:8      | Reached skill level 10 in Conjurations
  6877 | D:8      | Reached XP level 10. HP: 63/63 MP: 5/24
  7012 | D:8      | Found a staircase to the Lair.
  7133 | D:8      | Reached ** piety under Qazlal
  8132 | Lair:1   | Entered Level 1 of the Lair of Beasts
  8203 | Lair:1   | Noticed a cane toad
  8206 | Lair:1   | Reached skill level 10 in Spellcasting
  8207 | Lair:1   | Killed a cane toad
  8258 | Lair:1   | Reached skill level 1 in Invocations
  8258 | Lair:1   | Reached skill level 1 in Evocations
  8536 | Lair:1   | Reached *** piety under Qazlal
  8838 | D:7      | Bought a cursed amulet of magic regeneration for 308 gold
                  | pieces
  8899 | D:5      | Bought a silver ring for 115 gold pieces
  8983 | Lair:1   | Noticed a seven-headed hydra
  8988 | Lair:1   | Killed a seven-headed hydra
  8989 | Lair:1   | Reached XP level 11. HP: 70/70 MP: 22/27
  9550 | Lair:2   | Found a gate leading to a gauntlet.
  9565 | Gauntlet | Entered a Gauntlet
  9565 | Gauntlet | Found a transporter.
  9565 | Gauntlet | Found a transporter.
  9571 | Gauntlet | Noticed a moth of wrath
  9573 | Gauntlet | Found a transporter.
  9588 | Gauntlet | Found a transporter.
  9603 | Gauntlet | Found a transporter.
  9619 | Gauntlet | Found a transporter.
  9632 | Gauntlet | Noticed a swamp dragon
  9632 | Gauntlet | a torpor snail changed into a swamp dragon
  9635 | Gauntlet | Found a transporter.
  9641 | Gauntlet | a swamp dragon changed into a hippogriff
  9680 | Gauntlet | Noticed a swamp dragon
  9693 | Gauntlet | Noticed a moth of wrath
  9693 | Gauntlet | a swamp dragon changed into a moth of wrath
  9705 | Gauntlet | Found a transporter.
  9720 | Gauntlet | Found a transporter.
  9735 | Gauntlet | Found a transporter.
  9751 | Gauntlet | Found a transporter.
  9760 | Gauntlet | Noticed a hell beast
  9765 | Gauntlet | Found a transporter.
  9838 | Gauntlet | Found a transporter.
  9842 | Gauntlet | Found a transporter.
  9847 | Gauntlet | Noticed a death drake
  9854 | Gauntlet | Noticed a worldbinder
  9857 | Gauntlet | Found a transporter.
  9863 | Gauntlet | Noticed a cyclops
  9864 | Gauntlet | Found a transporter.
  9881 | Gauntlet | Noticed a cyclops
  9881 | Gauntlet | a guardian serpent changed into a cyclops
  9883 | Gauntlet | a cyclops changed into a wind drake
  9884 | Gauntlet | a cyclops changed into a komodo dragon
  9907 | Gauntlet | a death drake changed into a merfolk
 10003 | Gauntlet | Noticed a harpy
 10027 | Gauntlet | a harpy changed into a rime drake
 10046 | Gauntlet | Noticed a harpy
 10046 | Gauntlet | a tarantella changed into a harpy
 10048 | Gauntlet | a harpy changed into a boggart
 10065 | Gauntlet | Got a slimy lead ring
 10067 | Gauntlet | Identified the ring "Hielaetz" {+Fly Dex+3} (You found it
                  | in a Gauntlet)
 10198 | Gauntlet | Noticed a minotaur
 10211 | Gauntlet | Gained mutation: You occasionally shout uncontrollably at
                  | your foes. [potion of mutation]
 10211 | Gauntlet | Gained mutation: Your flesh is heat resistant. (rF+)
                  | [potion of mutation]
 10211 | Gauntlet | Gained mutation: Your spells are a little easier to cast,
                  | but a little less powerful. [potion of mutation]
 10211 | Gauntlet | Gained mutation: Your flesh is cold resistant. (rC+)
                  | [potion of mutation]
 10230 | Gauntlet | Killed a minotaur
 10240 | Gauntlet | Got a pair of ichor-stained boots
 10365 | Lair:2   | Noticed a death yak
 10383 | Lair:2   | Noticed a death yak
 10384 | Lair:2   | Noticed a death yak
 10384 | Lair:2   | Noticed a death yak
 10385 | Lair:2   | Killed a death yak
 10429 | Lair:1   | Killed a death yak
 10642 | Lair:2   | Reached skill level 5 in Transmutations
 10642 | Lair:2   | Reached XP level 12. HP: 76/76 MP: 29/29
 10656 | Lair:2   | Killed a death yak
 10657 | Lair:2   | Reached skill level 5 in Short Blades
 10859 | Lair:2   | Learned a level 7 spell: Spellforged Servitor
 11045 | Lair:2   | Killed a death yak
 11046 | Lair:2   | Reached skill level 5 in Fighting
 11680 | Lair:3   | Reached skill level 1 in Summonings
 11938 | Lair:3   | Reached **** piety under Qazlal
 11963 | Lair:3   | Reached skill level 5 in Unarmed Combat
 12374 | Lair:3   | Found a staircase to the Swamp.
 12756 | Lair:4   | Reached XP level 13. HP: 83/83 MP: 30/31
 12871 | Lair:4   | Found a frozen archway.
 12871 | Lair:4   | Noticed an ice dragon
 12889 | Lair:4   | Killed an ice dragon
 13039 | IceCv    | Entered an ice cave
 13130 | IceCv    | Reached ***** piety under Qazlal
 13351 | IceCv    | Found an ancient bone altar of Kikubaaqudgha.
 13770 | Lair:4   | Identified the +2 pair of boots of Tumipeo {rN++} (You
                  | found it in a Gauntlet)
 14110 | Lair:4   | Found a hole to the Spider Nest.
 14162 | Lair:4   | Reached skill level 5 in Evocations
 14869 | Lair:5   | Reached skill level 5 in Invocations
 14885 | Lair:5   | Reached XP level 14. HP: 90/90 MP: 33/33
 15232 | Lair:5   | Found a viscous altar of Jiyva.
 15232 | Lair:5   | Found a staircase to the Slime Pits.
 15524 | Lair:6   | Entered Level 6 of the Lair of Beasts
 15538 | Lair:6   | Reached ****** piety under Qazlal
 15539 | Lair:6   | Reached skill level 5 in Shields
 15723 | Lair:6   | Noticed Josephine
 15731 | Lair:6   | Killed Josephine
 15803 | Lair:6   | Reached skill level 5 in Summonings
 16996 | D:9      | Found a flagged portal.
 17057 | D:9      | Found Vuba's Demolitions Depot.
 17088 | Bailey   | Entered a bailey
 17246 | Bailey   | Found an iron altar of Okawaru.
 17432 | D:9      | Found a glowing golden altar of the Shining One.
 17609 | D:9      | Learned a level 6 spell: Ozocubu's Refrigeration
 17734 | D:9      | Reached XP level 15. HP: 97/97 MP: 35/35
 18283 | D:10     | Entered Level 10 of the Dungeon
 18595 | D:10     | Reached skill level 1 in Ice Magic
 19318 | D:11     | Identified the cursed ring "Lic Wobb" {rPois Stlth--,
                  | pickup} (You found it on level 11 of the Dungeon)
 19332 | D:11     | Reached skill level 15 in Spellcasting
 19360 | D:11     | Identified the amulet of Syndicalism {Gourm rPois} (You
                  | found it on level 11 of the Dungeon)
 19782 | D:11     | Found a staircase to the Orcish Mines.
 20014 | D:11     | Found Aceoruest's Weapon Boutique.
 20105 | D:12     | Entered Level 12 of the Dungeon
 20216 | Orc      | Entered the Orcish Mines
 20326 | D:12     | Reached skill level 15 in Conjurations
 20768 | D:12     | Found a staircase to the Depths.
 20926 | D:12     | Learned a level 7 spell: Orb of Destruction
 21199 | D:12     | Found a gate to the Vaults.
 21235 | D:12     | Reached XP level 16. HP: 64/103 MP: 37/37
 22522 | Orc      | Found Biteif's Gadget Boutique.
 22625 | Orc      | Found a roughly hewn altar of Beogh.
 22649 | Orc      | Found Ihaek's Food Shop.
 22649 | Orc      | Found Quwno's Gadget Emporium.
 22679 | Orc      | Found a staircase to the Elven Halls.
 22734 | Orc      | Found Fena's Antique Armour Shop.
 22734 | Orc      | Found Heunnucw's Assorted Antiques.
 22749 | Orc      | Bought a scroll of blinking for 240 gold pieces
 22940 | D:9      | Bought a manual of Conjurations for 1214 gold pieces
 23327 | Swamp:1  | Entered Level 1 of the Swamp
 23365 | Swamp:1  | Reached skill level 5 in Ice Magic
 23426 | Swamp:1  | Noticed Roxanne
 23440 | Swamp:1  | Killed Roxanne
 23443 | Swamp:1  | Identified Roxanne's Papyrus of Changing (You took it off
                  | Roxanne on level 1 of the Swamp)
 23452 | Swamp:1  | Learned a level 6 spell: Statue Form
 23671 | Swamp:1  | Reached skill level 10 in Dodging
 24169 | Swamp:2  | Reached skill level 1 in Earth Magic
 24965 | Swamp:2  | Noticed Kirke
 24969 | Swamp:2  | Killed Kirke
 25146 | Swamp:3  | Entered Level 3 of the Swamp
 25185 | Swamp:3  | Reached XP level 17. HP: 49/109 MP: 31/39
 25920 | Swamp:3  | Found a runed translucent door.
 25967 | Swamp:3  | Got a decaying rune of Zot
 26090 | Swamp:3  | Noticed Banto's ghost (adept OnFE)
 26520 | Spider:1 | Entered Level 1 of the Spider Nest
 26562 | Spider:1 | Noticed Aizul
 26569 | Spider:1 | HP: 5/109 [Aizul (4)]
 26570 | Spider:1 | HP: 2/109 [poisoned by Aizul (bolt of poison)]
 26570 | Spider:1 | Demolished by a redback

Skill      XL: |  1  2  3  4  5  6  7  8  9 10 11 12 13 14 15 16 17 |
---------------+----------------------------------------------------+-----
Conjurations   | 5 6 7 8 9 10 11 12 13 14 15 16 | 16.8
Unarmed Combat | 1 2 3 4 5 6 7 8 |  8.1
Spellcasting   | 3 4 5 6 7 8 10 11 12 13 14 15 16 | 16.7
Fighting       | 1 2 3 4 5 6 7 8 |  8.2
Dodging        | 3 4 5 6 7 8 9 10 | 10.9
Stealth        | 2 3 |  3.1
Transmutations | 1 2 3 4 5 6 7 8 |  8.3
Short Blades   | 1 2 3 4 5 6 7 8 |  8.7
Shields        | 1 2 3 4 5 7 8 |  8.8
Throwing       | 1 |  1.7
Invocations    | 1 2 4 5 6 7 |  7.0
Evocations     | 1 3 4 5 6 7 |  7.9
Summonings     | 2 4 6 7 |  7.9
Ice Magic      | 4 6 |  6.9
Earth Magic    | 2 3 |  3.4

Action                   |  1- 3 |  4- 6 |  7- 9 | 10-12 | 13-15 | 16-18 || total
-------------------------+-------+-------+-------+-------+-------+-------++-------
Melee: Short sword       |       |       |     1 |     2 |    46 |    43 ||    92
Throw: Tomahawk          |       |       |    21 |     9 |    72 |    18 ||   120
 Cast: Magic Dart        |    78 |    24 |    10 |    17 |     7 |       ||   136
       Searing Ray       |     1 |     6 |    10 |    52 |    13 |    26 ||   108
       Iskenderun's Myst |       |    30 |   138 |   257 |   918 |   434 ||  1777
       Irradiate         |       |       |       |     5 |     6 |     2 ||    13
       Orb of Destructio |       |       |       |       |       |    91 ||    91
Invok: Elemental Force   |       |       |       |       |     1 |     3 ||     4
       Disaster Area     |       |       |       |       |     1 |     1 ||     2
Evoke: Fan of gales      |       |       |       |       |     1 |       ||     1
       Lightning rod     |       |       |       |       |       |     8 ||     8
       Phial of floods   |       |       |       |       |       |     1 ||     1
       Lamp of fire      |       |       |       |       |       |     1 ||     1
  Use: Scroll            |     1 |       |     8 |     6 |    21 |     3 ||    39
       Potion            |       |       |       |     7 |     2 |       ||     9
 Stab: Distracted        |       |       |       |       |     1 |       ||     1
  Eat: Chunk             |       |     6 |    11 |     8 |    38 |    19 ||    82
       Ration            |       |       |     1 |     4 |       |       ||     5
Armor: Skin              |     5 |     1 |    10 |    21 |    54 |    70 ||   161
Dodge: Dodged            |     6 |     6 |    21 |    86 |   183 |   251 ||   553
       Deflected         |       |       |       |       |    16 |    11 ||    27
Block: Buckler           |     8 |     5 |    21 |   168 |   501 |   404 ||  1107
       Medium shield     |       |       |       |       |     7 |    49 ||    56
